 Dungeon Crawl Stone Soup version 0.30-a0-222-ge547ba4400 (webtiles) character file.

Game seed: 14316308617971251712

46 porpoise the Shooter (level 3, -2/22 HPs)
             Began as a Kobold Hexslinger on Oct 9, 2022.
             Slain by a goblin
             ... wielding a +0 club
             ... led by Robin
              (6 damage)
             ... on level 2 of the Dungeon.
             The game lasted 00:04:14 (1567 turns).

porpoise the Shooter (Kobold Hexslinger)            Turns: 1567, Time: 00:04:15

Health: -2/22      AC:  5    Str:  7    XL:     3   Next: 95%
Magic:  5/6        EV: 15    Int: 16    God:
Gold:   78         SH:  0    Dex: 15    Spells: 5/6 levels left

rFire   + . .      SeeInvis .    b - +0 spear (vorpal)
rCold   . . .      Faith    .    (no shield)
rNeg    . . .      Spirit   .    c - +0 robe
rPois   .          Reflect  .    (no helmet)
rElec   .          Harm     .    m - +2 cloak
rCorr   .          Rampage  .    (no gloves)
Will    .....                    (no boots)
Stlth   ++........               (no amulet)
HPRegen 0.23/turn                p - ring of protection from fire
MPRegen 0.10/turn                (no ring)

@: no status effects
A: small, no large weapons, nightstalker 3
a: no special abilities


You were on level 2 of the Dungeon.
You visited 1 branch of the dungeon, and saw 2 of its levels.

You collected 78 gold pieces.

Inventory:

Hand Weapons
 a - a +1 sling
 b - a +0 vorpal spear (weapon)
Missiles
 f - 6 poisoned darts
Armour
 c - a +0 robe (worn)
 m - a +2 cloak (worn)
Jewellery
 p - a ring of protection from fire (left hand)
Scrolls
 e - a scroll of poison
 g - 4 scrolls of identify {unknown}
 h - a scroll of amnesia {unknown}
 i - a scroll of summoning {unknown}
 n - a scroll of immolation {unknown}
 o - a scroll of enchant weapon {unknown}
Potions
 d - 2 potions of lignification {unknown}
 j - 2 potions of heal wounds {unknown}
 k - a potion of curing {unknown}
 l - a potion of haste {unknown}
 q - a potion of brilliance {unknown}


   Skills:
 + Level 2.3 Fighting
 + Level 3.7 Ranged Weapons
 - Level 2.4 Dodging
 + Level 2.1 Spellcasting
 - Level 3.0 Hexes


You had 5 spell levels left.
You knew the following spells:

 Your Spells              Type           Power      Damage    Failure   Level
a - Slow                  Hex            44%        N/A       6%          1

Your spell library contained the following spells:

 Spells                   Type           Power      Damage    Failure   Level
 Beastly Appendage        Tmut           2%         N/A       21%         1
 Wereblood                Tmut           1%         N/A       30%         2
 Inner Flame              Hex/Fire       6%         N/A       32%         3
 Portal Projectile        Hex/Tloc       12%        N/A       32%         3
 Spider Form              Tmut/Pois      1%         N/A       52%         3
 Cause Fear               Hex            5%         N/A       52%         4


Dungeon Overview and Level Annotations

Branches:
Dungeon (2/15)

Altars:

Shops:
D:1 [

Annotations:
D:1 2 runed translucent doors
D:2 Robin


Innate Abilities, Weirdness & Mutations

You are small and have problems with some larger weapons.
You are completely attuned to the shadows.


Message History

Robin throws the goblin at you! The goblin closely misses you.
The goblin misses you.
Fire: a) +1 sling
Press: ? - help, Q - select action, (/) - cycle Shift-Dir - straight line, f - hobgoblin
Aim: a hobgoblin (strong, 59% to hit)
You shoot a sling bullet. The sling bullet hits the hobgoblin.
You kill the hobgoblin!
The goblin barely misses you. x2
Fire: a) +1 sling
Press: ? - help, Q - select action, (/) - cycle Shift-Dir - straight line, f - Robin
Aim: Robin, wielding a +0 short sword, wearing a +0 animal skin and wearing a +0 helmet (heavily wounded, 67% to hit)
You shoot a sling bullet. The sling bullet hits Robin.
Robin is severely wounded.
Robin roars a battlecry!
The goblins go into a battle-frenzy!
The goblin closely misses you. x2; Robin barely misses you.
The goblin hits you but does no damage. The goblin closely misses you.
You hear a shout!
Fire: a) +1 sling
Press: ? - help, Q - select action, (/) - cycle Shift-Dir - straight line, f/p - Robin
Aim: Robin, wielding a +0 short sword, wearing a +0 animal skin and wearing a +0 helmet (severely wounded, 67% to hit)
You shoot a sling bullet. The sling bullet barely misses Robin.
The sling bullet hits the hobgoblin!
You kill the hobgoblin!
The goblin hits you but does no damage. Robin hits you but does no damage.
The goblin hits you but does no damage.
b - a +0 vorpal spear (weapon)
You barely miss Robin.
Robin is severely wounded.
The goblin closely misses you. The goblin misses you.
You hit Robin.
Robin is almost dead.
The goblin no longer looks unusually strong.
The goblin misses you.
Robin roars a battlecry!
The goblins go into a battle-frenzy!
The goblin hits you with a +0 club.
* * * LOW HITPOINT WARNING * * *
The goblin hits you with a +0 club.
You die...

########## #........#
#######.######g######
............g.gg@g...
###..>....####.##g##.
#.......# #.# .#
#.......# #.. .#
#.......# #....#
#.......# :..#.####


You could see Robin, a hobgoblin (strong) and 4 goblins.

Vanquished Creatures
  An adder (D:2)
  A worm (D:1)
  A dart slug (D:1)
  4 ball pythons
  An endoplasm (D:1)
  2 giant cockroaches
  4 goblins (D:2)
  5 hobgoblins
  3 jackals (D:2)
  2 bats
  A frilled lizard (D:1)
  5 rats
30 creatures vanquished.

Notes
Turn   | Place    | Note
-------+----------+-------------------------------------------
     0 | D:1      | porpoise the Kobold Hexslinger began the quest for the Orb.
     0 | D:1      | Reached XP level 1. HP: 12/12 MP: 2/2
    81 | D:1      | Found a large runed translucent door.
    81 | D:1      | Found a large runed translucent door.
   212 | D:1      | Found a faded altar of an unknown god.
   254 | D:1      | Reached XP level 2. HP: 16/16 MP: 4/4
   574 | D:1      | Found Plog's Antique Armour Boutique.
  1244 | D:2      | Reached XP level 3. HP: 21/21 MP: 5/5
  1295 | D:2      | Noticed Robin
  1567 | D:2      | Slain by a goblin

Illustrated notes

Levels and vault maps discovered:
D:1:      erik_arrival_cave_to_civilisation [erik_arrival_cave_to_temple],
          layout_basic, basic_ecumenical_altar, serial_shops,
          nicolae_shop_overgrown_old_shop
D:2:      layout_basic, basic_altar, minmay_pentomino_z2, uniq_robin

Skill      XL: |  1  2  3 |
---------------+----------+-----
Ranged Weapons | 3 |  3.7
Fighting       | 2 |  2.3
Spellcasting   | 2 |  2.1
Dodging        | |  2.4
Hexes          | |  3.0

Action                   || total
-------------------------++-------
Melee: Spear             ||    14
 Fire: Sling             ||    68
 Cast: Slow              ||    14
  Use: Scroll            ||     1
 Stab: Sleeping          ||     1
Armor: Robe              ||    26
Dodge: Dodged            ||    61

Table legend: (Time is in decaauts)
 A = Elapsed time spent in this place.
 B = Non-inter-level travel time spent in this place.
 C = Inter-level travel time spent in this place.
 D = Time resting spent in this place.
 E = Time spent auto-exploring this place.
 F = Levels seen in this place.
 G = Mean time per level.
                   A        B        C        D        E       F      G
               +--------+--------+--------+--------+--------+-----+--------+
         Total |   1580 |   1505 |     75 |    148 |   1157 |   2 |  790.0 |
       Dungeon |   1580 |   1505 |     75 |    148 |   1157 |   2 |  790.0 |
               +--------+--------+--------+--------+--------+-----+--------+

Top non-repeatable levels by time:
     D:1: 1181 daAuts
     D:2: 398 daAuts
